 Dungeon Crawl Stone Soup version 0.32-a0-705-g60f233581c (webtiles) character file.

Game seed: 3173461620703854279

152614 bjtr the Unseen (level 17, 0/79 HPs)
             Began as a Vine Stalker Enchanter on Mar 13, 2024.
             Was the Champion of Hepliaklqana.
             Killed from afar by a deep elf knight (42 damage)
             ... with a shard of ice
             ... on level 1 of the Elven Halls on Mar 15, 2024.
             The game lasted 04:00:35 (39120 turns).

bjtr the Unseen (Vine Stalker Enchanter)           Turns: 39120, Time: 04:00:36

Health: 0/79       AC: 19    Str: 12    XL:     17   Next: 58%
Magic:  0/43       EV: 16    Int: 21    God:    Hepliaklqana [******]
Gold:   1301       SH:  8    Dex: 19    Spells: 5/41 levels left

rFire   . . .        a - +4 dagger "Webiedou" {freeze, rN++ Dex+3}
rCold   . . .        R - +2 buckler
rNeg    + + +        I - +4 steam dragon scales
rPois   .            D - +2 helmet
rElec   +            k - +3 cloak of Cowardice {rN+}
rCorr   .            v - +0 pair of gloves
SInv    .            X - +0 pair of boots
Will    ++...        c - amulet of the Air {Inacc Air Fly rElec RMsl}
Stlth   +++++++      m - ring of magical power
HPRegen 1.13/turn    x - ring of wizardry
MPRegen 0.28/turn

%: inaccuracy (-5), repel missiles, guardian spirit, wizardry (x1)
@: flying, very slightly contaminated, studying Stealth
A: reduced essence, fangs 3, regeneration 1, magic shield, antimagic bite, no
potion heal 2
a: Renounce Religion, Recall Ancestor, Ancestor Identity, Transference, Idealise


You were on level 1 of the Elven Halls.
You worshipped Hepliaklqana.
Hepliaklqana was exalted by your worship.
You visited 6 branches of the dungeon, and saw 28 of its levels.
You also visited: Bailey, Gauntlet and Ice Cave.

You collected 2750 gold pieces.
You spent 1449 gold pieces at shops.

Inventory:

Hand Weapons
 a - the +4 dagger "Webiedou" (weapon) {freeze, rN++ Dex+3}
   (You found it on level 8 of the Dungeon)

   Dex+3:     It affects your dexterity (+3).
   rN++:      It greatly protects you from negative energy.
 b - the +5 sling of Fear {elec, Dex+6}
   (You found it on level 1 of the Lair of Beasts)

   Dex+6:     It affects your dexterity (+6).
 n - a +8 dagger
 o - a +3 antimagic trident
 B - a +4 rapier
 J - a +2 scimitar of flaming
Missiles
 s - 2 throwing nets
 E - 42 poisoned darts (quivered)
 G - 5 silver javelins
 N - a curare-tipped dart
Armour
 k - the +3 cloak of Cowardice (worn) {rN+}
   (You found it on level 11 of the Dungeon)

   rN+:       It protects you from negative energy.
 v - a +0 pair of gloves (worn)
 D - a +2 helmet (worn)
 I - +4 steam dragon scales (worn)
 R - a +2 buckler (worn)
 X - a +0 pair of boots (worn)
Jewellery
 c - the amulet of the Air (around neck) {Inacc Air Fly rElec RMsl}
   (You found it on level 10 of the Dungeon)

   [amulet of nothing]

   Inacc:     It reduces the accuracy of your attacks and spells.
   Air:       It enhances your air magic.
   rElec:     It insulates you from electricity.
   Fly:       It grants you flight.
   RMsl:      It protects you from missiles.
 m - a ring of magical power (left hand)
 r - a +6 ring of dexterity
 t - a ring of protection from cold
 x - a ring of wizardry (right hand)
 C - a +5 ring of evasion
Wands
 g - a wand of charming (16)
 i - a wand of acid (6)
 u - a wand of warping (9)
 M - a wand of mindburst (9)
 P - a wand of polymorph (18)
 Q - a wand of digging (12)
 Y - a wand of flame (38)
Scrolls
 d - 4 scrolls of blinking
 e - 6 scrolls of immolation
 f - 6 scrolls of fear
 h - 4 scrolls of amnesia
 p - 2 scrolls of poison
 z - 3 scrolls of fog
 H - 2 scrolls of vulnerability
 K - a scroll of enchant weapon
 L - 14 scrolls of identify
 O - 14 scrolls of teleportation
Potions
 j - 3 potions of haste
 l - 7 potions of curing
 q - 3 potions of might
 A - 6 potions of enlightenment
 F - 3 potions of brilliance
 V - 3 potions of cancellation
 W - a potion of invisibility
 Z - 2 potions of resistance
Miscellaneous
 w - a phial of floods
 y - a phantom mirror
 S - a lightning rod (2/4)
 T - a condenser vane
 U - a sack of spiders


   Skills:
 * Level 9.4 Fighting
 + Level 10.0 Short Blades
 - Level 1.4(6.4) Long Blades
 * Level 4.3 Armour
 - Level 8.9 Dodging
 + Level 16.8 Stealth
 - Level 7.1 Shields
 + Level 12.5 Spellcasting
 + Level 12.9 Conjurations
 - Level 5.6 Hexes
 * Level 10.8 Fire Magic
 + Level 4.0 Air Magic
 + Level 0.3 Alchemy
 + Level 0.3 Invocations


You had 5 spell levels left.
You knew the following spells:

 Your Spells              Type           Power      Damage    Failure   Level
a - Confusing Touch       Hex            37%        N/A       1%          3
b - Tukima's Dance        Hex            37%        N/A       1%          3
c - Ensorcelled Hibernat  Hex/Ice        50%        N/A       1%          2
d - Stone Arrow           Conj/Erth      80%        3d12      1%          3
e - Irradiate             Conj/Alch      20%        3d18      4%          5
f - Starburst             Conj/Fire      29%        6d9       3%          6
g - Iskenderun's Mystic   Conj/Tloc      40%        2d9       1%          4
h - Plasma Beam           Fire/Air       30%        2x1d43    19%         6
i - Olgreb's Toxic Radia  Alch           14%        N/A       22%         4

Your spell library contained the following spells:

 Spells                   Type           Power      Damage    Failure   Level
 Kiss of Death            Conj/Necr      100%       2d13      1%          1
 Shock                    Conj/Air       100%       1d9       1%          1
 Dazzling Flash           Conj/Hex       100%       N/A       1%          3
 Hailstorm                Conj/Ice       40%        3d9       1%          3
 Volatile Blastmotes      Fire/Tloc      72%        2d16      1%          3
 Fulminant Prism          Conj/Alch      20%        3d12      1%          4
 Freeze                   Ice            52%        1d6       2%          1
 Sandblast                Erth           26%        2d8       2%          1
 Call Imp                 Summ           26%        N/A       4%          2
 Sublimation of Blood     Necr           13%        N/A       4%          2
 Frozen Ramparts          Ice            26%        1d4       9%          3
 Fugue of the Fallen      Necr           13%        N/A       9%          3
 Anguish                  Hex/Necr       12%        N/A       9%          4
 Yara's Violent Unravell  Hex/Alch       12%        3d7       21%         5
 Leda's Liquefaction      Alch/Erth      6%         N/A       24%         4
 Petrify                  Alch/Erth      13%        N/A       24%         4
 Animate Armour           Summ/Erth      26%        N/A       26%         4
 Dispel Undead            Necr           13%        3d9       26%         4
 Passage of Golubria      Tloc           13%        N/A       26%         4
 Lee's Rapid Deconstruct  Erth           6%         3d6*      56%         5
 Summon Forest            Summ/Tloc      6%         N/A       56%         5
 Eringya's Noxious Bog    Alch           7%         4d6       96%         6
 Permafrost Eruption      Ice/Erth       6%         2x4d3     98%         6
 Ozocubu's Refrigeration  Ice            6%         4d8       100%        7
 Summon Hydra             Summ           6%         N/A       100%        7
 Discord                  Hex            18%        N/A       100%        8
 Lehudib's Crystal Spear  Conj/Erth      20%        10d6      100%        8
 Maxwell's Capacitive Co  Air            22%        ∞         100%        8


Dungeon Overview and Level Annotations

Branches:
Dungeon (15/15)            Temple (1/1) D:7            Lair (5/5) D:8
 Shoals (3/4) Lair:3       Spider (0/4) Lair:2        Slime (0/5) Lair:5
    Orc (2/2) D:11            Elf (2/3) Orc:2        Vaults (0/5) D:14
 Depths (0/4) D:15         Bailey (visited)           IceCv (visited)
Gauntlet (visited)

Altars:
Ashenzari
Cheibriados
Dithmenos
Elyvilon
Fedhas
Gozag
Hepliaklqana
Kikubaaqudgha
Makhleb
Nemelex Xobeh
Okawaru
Qazlal
Ru
Sif Muna
Trog
Uskayaw
Vehumet
Wu Jian
Xom
Yredelemnul
Zin
The Shining One
Beogh
Jiyva

Shops:
D:2 [   D:12 !(*?   Orc:1 *(**=   Orc:2 *[**   Shoals:1 :

Annotations:
Shoals:3 Mara


Innate Abilities, Weirdness & Mutations

Your life essence is reduced to manifest your ancestor. (-10% HP)
You have razor-sharp teeth.
Your natural rate of healing is unusually fast.
When hurt, damage is shared between your health and your magic reserves.
Your bite disrupts and absorbs the magic of your enemies.
Potions cannot restore your health.


Message History

Press: ? - help, Dir - look around, f - activate The bolt of fire hits the orc warrior!!
You kill the orc warrior!
Bbbbbbbbbjjjjjtrr avoids your attack.
You hear a bow twang.
An arrow appears from out of thin air!
The arrow is repelled.
The arrow hits bbbbbbbbbjjjjjtrr!
Bbbbbbbbbjjjjjtrr is destroyed!
You hear a bow twang.
An arrow appears from out of thin air!
The arrow is repelled.
Unknown command.
Unknown command.
Casting: Starburst (dangerous; 3% risk of failure)
Confirm with . or Enter, or press ? or * to list all spells.
You can't see any susceptible monsters within range! (Use Z to cast anyway.)
Casting: Starburst (dangerous; 3% risk of failure)
Confirm with . or Enter, or press ? or * to list all spells.
Casting: Starburst (dangerous; 3% risk of failure)
Press: ? - help, Dir - look around, f - activate You hear a bow twang.
An arrow appears from out of thin air!
The arrow hits you!
Unknown command.
You hear a bow twang.
An arrow appears from out of thin air!
The arrow is repelled.
You hear a bow twang.
An arrow appears from out of thin air!
The arrow hits you.
You hear a bow twang.
An arrow appears from out of thin air!
The arrow misses you.
You hear a bow twang.
An arrow appears from out of thin air!
The arrow hits you.
You reach down and open the door.
You hear a bow twang.
An arrow appears from out of thin air!
The arrow completely misses you.
Found 17 gold pieces.
You hear some strange, mumbled words.
A shard of ice appears from out of thin air!
The shard of ice hits you!!!
Ouch! That really hurt!
You die...
Hepliaklqana delivers you to your ancestors.

#.#.....#.##.# ##.##
#[.)#.#...#### ##.##
####.).##### ##.##
...'.#.#)..# ##
##.##+###+ )#.#)..#.#.#
#$## ##'.....##
..[###'#...####..#
#.......#
#'###...#.#...#..#
#.......+
#)).#.#.....#.#..#
#.......#
#)#.')).#.#...#.@##
#..>....#
#...####...######.##
#.......#
.#.#...#.#.#...##..##
##.....'##
.....#.#...'.#....#.##
###'###.##
.#.#...#####...#####{##
#.# ##.# #...#### #..##
##.## #.# ##. #.#.#
#.## ##)# #+# ## #...#
###+### ##)# # #####
#.....# #)†


There were no monsters in sight!

Vanquished Creatures
  Norris (Elf:1)
  A deep elf sorcerer (Elf:1)
  Louise (Elf:1)
  A reaper (IceCv)
  The ghost of AutarchDCSS the Severer, a journeyman MiFi of Hepliaklqana (Lair:5)
  2 orc warlords (Orc:2)
  A minotaur (Gauntlet)
  Snorg (Lair:3)
  A merfolk impaler (Shoals:1)
  An entropy weaver (D:14)
  The ghost of ytrimaz the Cleaver, a journeyman CoGl of Okawaru (D:10)
  Fannar (Lair:1)
  A vault guard (D:14)
  4 hydras
  An ogre mage (D:15)
  2 boulder beetles
  3 centaur warriors
  9 dancing weapons
  4 two-headed ogres
  A tengu warrior (D:15)
  4 orc high priests
  4 deep elf knights
  The ghost of theodolus the Cleaver, a novice MDFi of Gozag (D:8)
  7 skysharks
  4 skeletal warriors (D:12)
  A deep troll (D:15)
  3 sea snakes
  3 harpies (Shoals:3)
  A necromancer (D:15)
  Pikel (D:8)
  A steelbarb worm (shapeshifter) (D:15)
  12 deep elf pyromancers
  10 deep elf zephyrmancers
  4 orc knights
  6 orc sorcerers
  An oklob plant (Lair:3)
  5 fauns (Shoals:1)
  A cyclops (D:14)
  Maurice (Orc:1)
  4 ugly things
  10 manticores
  2 moths of wrath (Gauntlet)
  4 black mambas
  6 elephants
  Joseph (Lair:1)
  3 kobold blastminers (Orc:2)
  A merfolk siren (Shoals:2)
  A gargoyle (D:13)
  An ice statue (IceCv)
  15 cane toads
  A rime drake (Lair:3)
  A kobold demonologist (D:11)
  7 komodo dragons
  2 tengu conjurers (D:15)
  2 anaconda simulacra (IceCv)
  5 ice devils (IceCv)
  3 polar bears
  5 trolls
  3 merfolk
  2 tyrant leeches (Lair:5)
  12 blink frogs
  3 wind drakes
  A hornet (D:9)
  A snapping turtle (Shoals:2)
  Prince Ribbit (Lair:1)
  4 dire elephant simulacra (IceCv)
  4 dream sheep (Lair:3)
  Sigmund (D:6)
  A vampire (D:11)
  6 shadows
  11 yaks
  4 wyverns
  3 basilisks
  A redback (Lair:2)
  A steam dragon (D:8)
  11 wargs
  2 harpy simulacra (IceCv)
  8 vampire mosquitoes
  10 water moccasins
  4 acid dragons
  A hydra simulacrum (IceCv)
  Duvessa (D:6)
  38 orc warriors
  2 black bears
  A laughing skull (D:14)
  17 ogres
  10 wolves
  9 centaurs
  A phantom (D:5)
  A lemure (D:8)
  3 kobold brigands
  11 bullfrogs
  2 scorpions
  11 wights
  Dowan (D:6)
  A killer bee (D:9)
  2 electric eels (Lair:3)
  3 howler monkeys
  3 jellies
  3 gnoll boudas
  26 orc priests
  3 iguanas
  20 orc wizards
  2 spriggan simulacra (IceCv)
  A wolf simulacrum (IceCv)
  2 human simulacra (D:8)
  11 adders
  14 gnolls
  3 white imps
  A ribbon worm (D:2)
  3 dart slugs
  85 orcs
  7 ball pythons
  7 endoplasms
  6 giant cockroaches
  9 goblins
  12 hobgoblins
  27 kobolds
  2 quokkas (D:2)
  5 bats
  2 frilled lizards
  6 rats
651 creatures vanquished.

Vanquished Creatures (collateral kills)
  The ghost of Weulukh the Fighter, an adept GrEE of Okawaru (Shoals:1)
  3 merfolk impalers
  The ghost of GNSpeed the Basher, a journeyman OnBe of Trog (Orc:1)
  2 hydras
  An ogre mage (D:13)
  5 two-headed ogres
  4 dancing weapons
  A tengu warrior (D:14)
  An orc high priest (Orc:2)
  2 skysharks
  A goliath frog (Lair:5)
  A skeletal warrior (D:12)
  A deep elf archer (Elf:1)
  An arcanist (D:15)
  A lindwurm (Lair:3)
  3 orc knights
  3 deep elf pyromancers (Elf:1)
  5 deep elf zephyrmancers
  2 orc sorcerers
  A faun (Shoals:1)
  2 cyclopes (D:15)
  3 manticores (Shoals:2)
  An ice statue (IceCv)
  2 kobold blastminers (Orc:2)
  A merfolk siren (Shoals:1)
  5 elephants
  A black mamba (Lair:3)
  9 cane toads
  A gargoyle (D:13)
  A rime drake (Lair:3)
  2 komodo dragons
  An anaconda simulacrum (IceCv)
  An efreet (D:14)
  2 ice devils (IceCv)
  A tengu conjurer (D:14)
  A troll (D:12)
  A wind drake (Shoals:1)
  A tyrant leech (Lair:5)
  6 merfolk
  22 blink frogs
  A jumping spider (Lair:2)
  A snapping turtle (Shoals:2)
  3 shadows
  7 yaks
  A fire elemental (Elf:1)
  6 wyverns
  A wraith (D:10)
  2 water elementals
  2 wargs
  2 vampire mosquitoes (D:13)
  6 water moccasins
  26 orc warriors
  A laughing skull (D:14)
  8 wolves
  A centaur (D:15)
  7 ogres
  8 bullfrogs
  A killer bee (D:9)
  2 electric eels
  A jelly (D:7)
  15 orc priests
  5 orc wizards
  4 gnolls
  An ufetubus (IceCv)
  27 orcs
  4 goblins (D:7)
  2 kobolds
249 creatures vanquished.

Vanquished Creatures (others)
  A sea snake (Shoals:3)
  A dancing weapon (D:6)
  6 ancestors
  31 battlemagi
  An ufetubus (IceCv)
  4 kobolds (D:8)
44 creatures vanquished.

Grand Total: 944 creatures vanquished

Notes
Turn   | Place    | Note
-------+----------+-------------------------------------------
     0 | D:1      | bjtr the Vine Stalker Enchanter began the quest for the
                  | Orb.
     0 | D:1      | Reached XP level 1. HP: 9/9 MP: 4/4
   145 | D:1      | Reached skill level 1 in Short Blades
   280 | D:1      | Reached XP level 2. HP: 13/13 MP: 6/6
   496 | D:1      | Noticed a great orb of eyes
   498 | D:1      | Found a faded altar of an unknown god.
   499 | D:1      | Noticed a great orb of eyes
   499 | D:1      | Noticed a shining eye
   499 | D:1      | Noticed a glass eye
   507 | D:1      | Reached skill level 4 in Stealth
   689 | D:2      | Found Suniha's Armour Shoppe.
   798 | D:2      | Reached XP level 3. HP: 15/17 MP: 3/7
  1020 | D:2      | Learned a level 3 spell: Confusing Touch
  1024 | D:2      | Learned a level 3 spell: Tukima's Dance
  1297 | D:2      | Reached XP level 4. HP: 21/21 MP: 8/8
  1512 | D:3      | Reached skill level 1 in Fighting
  1866 | D:3      | Reached XP level 5. HP: 25/25 MP: 9/9
  2445 | D:3      | Reached skill level 5 in Stealth
  2592 | D:4      | Noticed a black bear
  2602 | D:4      | Killed a black bear
  2603 | D:4      | Reached XP level 6. HP: 24/30 MP: 10/10
  3098 | D:4      | Found an opulent altar of Gozag.
  3259 | D:5      | Entered Level 5 of the Dungeon
  3315 | D:5      | Noticed an acid dragon
  3381 | D:5      | Reached skill level 6 in Stealth
  3553 | D:5      | Learned a level 2 spell: Ensorcelled Hibernation
  3579 | D:5      | Reached XP level 7. HP: 11/35 MP: 8/12
  3934 | D:5      | Found a sacrificial altar of Ru.
  3939 | D:5      | Found a snail-covered altar of Cheibriados.
  3956 | D:5      | HP: 1/35 [poisoned by an adder]
  3961 | D:5      | HP: 1/35 [poisoned by an adder]
  4013 | D:5      | HP: 1/35 [ogre/+0 giant club (25)]
  4216 | D:4      | Gained mutation: You have razor-sharp teeth. [Vine Stalker
                  | growth]
  4216 | D:4      | Reached XP level 8. HP: 14/39 MP: 13/13
  4257 | D:5      | Reached skill level 5 in Short Blades
  4460 | D:6      | Noticed Duvessa
  4460 | D:6      | Noticed Dowan
  4462 | D:6      | Killed Dowan
  4467 | D:6      | HP: 2/40 [Duvessa/+0 rapier (9)]
  4473 | D:6      | HP: 1/40 [Duvessa (7)]
  4491 | D:6      | Killed Duvessa
  4492 | D:6      | Reached skill level 7 in Stealth
  4814 | D:6      | Found a blossoming altar of Fedhas.
  4841 | D:6      | Noticed Sigmund
  4854 | D:6      | Killed Sigmund
  4959 | D:6      | Reached skill level 8 in Stealth
  5033 | D:6      | Reached XP level 9. HP: 21/45 MP: 9/14
  5312 | D:7      | Found a flagged portal.
  5399 | Bailey   | Entered a bailey
  5700 | Bailey   | Reached skill level 9 in Stealth
  6155 | Bailey   | Reached skill level 5 in Fighting
  6155 | Bailey   | Reached skill level 5 in Dodging
  6155 | Bailey   | Reached skill level 10 in Stealth
  6155 | Bailey   | Reached skill level 5 in Spellcasting
  6155 | Bailey   | Reached skill level 5 in Conjurations
  6155 | Bailey   | Reached skill level 5 in Hexes
  6155 | Bailey   | Reached XP level 10. HP: 51/51 MP: 14/18
  7096 | D:7      | Found a staircase to the Ecumenical Temple.
  7319 | D:7      | Noticed a deep elf pyromancer
  7326 | D:7      | Killed a deep elf pyromancer
  7560 | Temple   | Entered the Ecumenical Temple
  7580 | Temple   | Became a worshipper of Hepliaklqana the Forgotten
  8066 | D:8      | Found a staircase to the Lair.
  8155 | D:8      | Learned a level 3 spell: Stone Arrow
  8161 | D:8      | Learned a level 5 spell: Irradiate
  8221 | D:8      | Reached XP level 11. HP: 56/56 MP: 6/19
  8464 | D:8      | Found a runed translucent door.
  8468 | D:8      | Noticed theodolus's ghost (novice MDFi)
  8489 | D:8      | Noticed Pikel
  8500 | D:8      | Killed Pikel
  8893 | D:8      | Reached skill level 11 in Stealth
  8924 | D:8      | Reached * piety under Hepliaklqana
  9186 | D:8      | Killed theodolus's ghost
  9199 | D:8      | Identified the +4 dagger "Webiedou" {freeze, rN++ Dex+3}
  9357 | D:9      | Identified the +3 scale mail of Darkness {rC+}
  9592 | D:9      | Noticed a two-headed ogre
  9661 | D:9      | Killed a two-headed ogre
 10603 | D:10     | Entered Level 10 of the Dungeon
 10807 | D:10     | Reached ** piety under Hepliaklqana
 10853 | D:10     | Remembered your ancestor bbbbbbbbbjjjjjtrr as a battlemage
 10887 | D:10     | Found a runed translucent door.
 10887 | D:10     | Noticed ytrimaz's ghost (journeyman CoGl)
 10887 | D:10     | Found the amulet of the Air {Inacc Air Fly rElec RMsl}
 11505 | D:11     | Identified the orb of Gougucri {*channel, ^Contam rF-
                  | Regen+ Ice}
 11508 | D:11     | Found a frozen archway.
 11535 | IceCv    | Entered an ice cave
 11542 | IceCv    | Reached skill level 1 in Fire Magic
 11578 | IceCv    | Learned a level 6 spell: Starburst
 11599 | IceCv    | Reached skill level 1 in Shields
 11626 | IceCv    | Reached XP level 12. HP: 36/55 MP: 20/23
 11803 | IceCv    | Noticed a reaper
 11855 | IceCv    | Killed a reaper
 12032 | IceCv    | Reached skill level 10 in Short Blades
 12617 | D:11     | Found a staircase to the Orcish Mines.
 12638 | D:11     | Reached *** piety under Hepliaklqana
 12955 | D:11     | Identified the +3 cloak of Cowardice {rN+}
 13059 | D:12     | Found Vippuk's Distillery.
 13067 | D:12     | Bought a potion of invisibility for 120 gold pieces
 13067 | D:12     | Bought a potion of haste for 150 gold pieces
 13068 | D:12     | Found Cyuc Qelaim's Antique Weapon Emporium.
 13075 | D:12     | Bought a runed scimitar for 224 gold pieces
 13127 | D:12     | Noticed a boulder beetle
 13129 | D:12     | Killed a boulder beetle
 13140 | D:12     | Reached skill level 1 in Armour
 13140 | D:12     | Found Belym's Magic Scroll Shop.
 13146 | D:12     | Reached skill level 12 in Stealth
 13156 | D:12     | Bought a scroll of fear for 64 gold pieces
 13156 | D:12     | Bought a scroll of fear for 64 gold pieces
 13169 | D:12     | Found Qodgh's General Store.
 13415 | D:12     | Bought a scroll of identify for 26 gold pieces
 13752 | D:13     | Reached XP level 13. HP: 60/60 MP: 17/25
 14209 | D:13     | Reached **** piety under Hepliaklqana
 15168 | D:14     | Noticed a vault guard
 15318 | D:10     | Killed ytrimaz's ghost
 15319 | D:10     | Reached skill level 5 in Fire Magic
 15470 | Lair:1   | Entered Level 1 of the Lair of Beasts
 15472 | Lair:1   | Noticed Prince Ribbit
 15486 | Lair:1   | Killed Prince Ribbit
 15525 | Lair:1   | Got the Compendium of the Weathered Lithosphere
 15743 | Lair:1   | Learned a level 4 spell: Iskenderun's Mystic Blast
 15760 | Lair:1   | Noticed Joseph
 15775 | Lair:1   | Killed Joseph
 15813 | Lair:1   | Found a hazy altar of Hepliaklqana.
 15816 | Lair:1   | Noticed Fannar
 15823 | Lair:1   | Killed Fannar
 15925 | Lair:1   | Identified the +5 sling of Fear {elec, Dex+6}
 16515 | Lair:2   | Reached ***** piety under Hepliaklqana
 16741 | Lair:2   | Reached XP level 14. HP: 64/64 MP: 27/27
 16779 | Lair:2   | Found a hole to the Spider Nest.
 16791 | Lair:2   | Reached skill level 13 in Stealth
 16879 | Lair:2   | Upgraded the game from 0.32-a0-685-g93135e86f0 to
                  | 0.32-a0-699-g1ee5eff69a
 17660 | Lair:3   | Noticed Snorg
 17669 | Lair:3   | Killed Snorg
 19559 | Lair:3   | Reached skill level 5 in Shields
 19565 | Lair:3   | Reached skill level 10 in Conjurations
 19913 | Lair:3   | Found a staircase to the Shoals.
 23055 | Lair:5   | Entered Level 5 of the Lair of Beasts
 23070 | Lair:5   | Found a runed translucent door.
 23121 | Lair:5   | Noticed AutarchDCSS's ghost (journeyman MiFi)
 23333 | Lair:5   | Reached skill level 1 in Long Blades
 23366 | Lair:5   | Reached XP level 15. HP: 50/69 MP: 4/29
 23496 | Lair:5   | Found a staircase to the Slime Pits.
 23553 | Lair:5   | Found a viscous altar of Jiyva.
 24033 | Lair:5   | Reached ****** piety under Hepliaklqana
 24254 | Lair:5   | Killed AutarchDCSS's ghost
 24260 | Lair:5   | Identified the +10 war axe of Discomfort {flame, Str+2
                  | Dex+3}
 26039 | Orc:1    | Entered Level 1 of the Orcish Mines
 26039 | Orc:1    | Found Ditzitt's Jewellery Shop.
 26078 | Orc:1    | Noticed Maurice
 26151 | Orc:1    | Killed Maurice
 26377 | Orc:1    | Found Teufil Ziwa's General Store.
 26394 | Orc:1    | Found Qastrim's Antique Weapon Boutique.
 26479 | Orc:1    | Found Hibro's Assorted Antiques.
 26531 | Orc:1    | Found a runed translucent door.
 26541 | Orc:1    | Noticed GNSpeed's ghost (journeyman OnBe)
 26664 | Orc:1    | Found a radiant altar of Vehumet.
 26669 | Orc:1    | Found Peehiol's Mayhem Merchandise.
 26898 | Orc:1    | Learned a level 6 spell: Plasma Beam
 27038 | Orc:1    | Killed GNSpeed's ghost
 27039 | Orc:1    | Reached skill level 10 in Spellcasting
 27187 | Orc:1    | Bought the Unrestrained Analects for 572 gold pieces
 27200 | Orc:2    | Entered Level 2 of the Orcish Mines
 28086 | Orc:2    | Noticed an orc warlord
 28089 | Orc:2    | Killed an orc warlord
 28354 | Orc:2    | Found Ezixki Uraoh's Assorted Antiques.
 28517 | Orc:2    | Found a roughly hewn altar of Beogh.
 28809 | Orc:2    | Found Anudd's Armour Shoppe.
 28840 | Orc:2    | Bought a +0 pair of gloves for 54 gold pieces
 28971 | Orc:2    | Found Doiniguor's General Store.
 29067 | Orc:2    | Reached skill level 14 in Stealth
 29140 | Orc:2    | Found a roughly hewn altar of Beogh.
 29140 | Orc:2    | Noticed an orc warlord
 29258 | Orc:2    | HP: 2/70 [orc warrior/+0 glaive[an orc warlord] (11)]
 29393 | Orc:2    | Killed an orc warlord
 29902 | Orc:2    | Identified the maw talisman of Saish {Stlth+}
 30141 | Orc:2    | Found Pyngux's Assorted Antiques.
 30158 | Orc:2    | Bought a dented bone amulet for 175 gold pieces
 30230 | Orc:2    | Reached XP level 16. HP: 73/73 MP: 31/31
 30359 | Orc:2    | Found a staircase to the Elven Halls.
 30769 | Shoals:1 | Entered Level 1 of the Shoals
 30825 | Shoals:1 | Found a runed translucent door.
 31624 | Shoals:1 | Found Rapteceu's Book Shop.
 31640 | Shoals:1 | Learned a level 4 spell: Olgreb's Toxic Radiance
 31757 | Shoals:1 | Noticed Weulukh's ghost (adept GrEE)
 31782 | Shoals:1 | Killed Weulukh's ghost
 31785 | Shoals:1 | Identified the +0 plate armour of Soft Rains {rElec rF+
                  | Dex+4}
 32353 | D:14     | Found a gate to the Vaults.
 32992 | D:15     | Entered Level 15 of the Dungeon
 33244 | D:15     | Found a gate leading to a gauntlet.
 33244 | D:15     | Found a snail-covered altar of Cheibriados.
 33269 | Gauntlet | Entered a Gauntlet
 33269 | Gauntlet | Found a transporter.
 33269 | Gauntlet | Found a transporter.
 33303 | Gauntlet | Found a transporter.
 33306 | Gauntlet | Found a transporter.
 33306 | Gauntlet | Found a transporter.
 33318 | Gauntlet | Found a transporter.
 33384 | Gauntlet | Found a transporter.
 33394 | Gauntlet | Found a transporter.
 33409 | Gauntlet | Found a transporter.
 33421 | Gauntlet | Found a transporter.
 33434 | Gauntlet | Found a transporter.
 33440 | Gauntlet | Found a transporter.
 34245 | D:15     | Found a staircase to the Depths.
 34444 | D:15     | Reached skill level 10 in Fire Magic
 35420 | Shoals:2 | Reached skill level 15 in Stealth
 35536 | Shoals:2 | Reached skill level 1 in Air Magic
 35960 | Shoals:2 | Upgraded the game from 0.32-a0-699-g1ee5eff69a to
                  | 0.32-a0-705-g60f233581c
 36029 | Shoals:3 | Noticed Mara
 36032 | Shoals:3 | Noticed bjtr's illusion
 37145 | Shoals:3 | Noticed bjtr's illusion
 37785 | Elf:1    | Entered Level 1 of the Elven Halls
 37801 | Elf:1    | Reached XP level 17. HP: 77/77 MP: 4/34
 37998 | Elf:1    | Reached skill level 16 in Stealth
 38300 | Elf:1    | You are sucked into a shaft and drop 1 floor!
 38301 | Elf:2    | Found a runed translucent gate.
 38301 | Elf:2    | Found a runed translucent gate.
 38302 | Elf:2    | Found a runed translucent gate.
 38575 | Elf:1    | Noticed Louise
 38577 | Elf:1    | Killed Louise
 38613 | Elf:1    | Noticed Norris
 38622 | Elf:1    | Killed Norris
 39120 | Elf:1    | Killed from afar by a deep elf knight

Illustrated notes

Levels and vault maps discovered:
D:1:      roderic_dead_forest, layout_basic,
          hellmonk_ecumenical_altar_watching_god
D:2:      layout_basic, serial_shops, nicolae_shop_advertising_works
          [nicolae_subvault_shop_adworks], minmay_tromino_i4
D:3:      layout_basic, serial_co_window_serial, co_window_paths_a,
          co_window_paths_a, co_window_corner_a, co_window_cross_1,
          co_window_paths_a, co_window_paths_a, co_window_paths_c,
          co_window_cross_4, co_window_paths_c, minmay_starry_boxes
D:4:      layout_gridville, general_overflow_altar
D:5:      layout_loops_cross, grunt_temple_overflow_open
D:6:      layout_loops_cross, fedhas_bush_and_centaur_altar, uniq_sigmund,
          uniq_duvessa
D:7:      layout_cave_pods, temple_doors_ab, enter_bailey_5,
          guppyfry_early_elven_hall
D:8:      layout_basic, david_lair_shrubbed, gammafunk_ghost_grave,
          bh_circular_ruins, uniq_pikel
D:9:      layout_basic, minmay_joined_circles
D:10:     layout_basic, gammafunk_ghost_grave
D:11:     layout_big_octagon, david_orc_2, portal_ice_cave_entry_pillars_2,
          corexii_hall_statues_deadend
D:12:     layout_rooms, serial_shops, nicolae_shop_pleasant_corner_grove, shop,
          shop, shop
D:13:     layout_roguey
D:14:     layout_roguey, hellmonk_vaults_order_and_chaos,
          minmay_misc_feat_encased, nooodl_orcs_dogs
D:15:     hangedman_depths_entry_civil_slaughter, layout_rooms,
          gauntlet_entry_generic, cheibriados_altar_1
Temple:   hc_temple_tempest_star
Lair:1:   layout_chaotic_city, basic_altar, nicolae_lair_grove_arrangements,
          st_stairs_11, chequers_serial_rivers_large_b,
          infiniplex_staircase_pool, lemuel_fruit_tree, uniq_joseph,
          uniq_prince_ribbit2, uniq_fannar
Lair:2:   layout_regular_city, spider_nest_entry_funnel_web
Lair:3:   nzn_winding_woodlands_stair_cross [nzn_winding_woodlands_5x15_eye,
          nzn_winding_woodlands_center_pierced_h,
          nzn_winding_woodlands_5x15_longhouse, nzn_winding_woodlands_5x5_three,
          nzn_winding_woodlands_hourglass,
          nzn_winding_woodlands_5x15_split_checker,
          nzn_winding_woodlands_center_lodge,
          nzn_winding_woodlands_5x15_sidewinder], layout_regular_city,
          mainiacjoe_shoals_entry_four_pools, infiniplex_staircase_pool_2,
          serial_bayou_shore_a, uniq_snorg
Lair:4:   layout_hall_layers
Lair:5:   minmay_lair_end_frog_pond, layout_long_grid, slime_entry_1,
          ebering_ghost_reflecting_pool, mumra_transporter_accident,
          bh_autumn_forest_stairs, serial_bayou_shore_b
Shoals:1: layout_shoals, serial_shops, shop_fountains,
          ebering_ghost_reflecting_pool
Shoals:2: layout_shoals
Shoals:3: layout_shoals, gammafunk_ghost_wrathful_warriors, centaur_isle,
          uniq_mara
Orc:1:    layout_caves, basic_altar, hellmonk_ghost_happy_afterlife,
          serial_shops, nicolae_shop_tiny_real_fake_doors, shop, shop,
          nicolae_diamond_shop, minmay_shop_mayhem, uniq_maurice
Orc:2:    pubby_orc_utopia
Elf:1:    elf_arrival_001, layout_geoelf_grid,
          hangedman_elven_crosses_minicolossus, uniq_norris, uniq_nikola,
          uniq_louise
Elf:2:    nicolae_elf_blades_crystal_corner, layout_geoelf_octagon,
          minmay_elf_demonology, uniq_jorgrun

Skill      XL: |  1  2  3  4  5  6  7  8  9 10 11 12 13 14 15 16 17 |
---------------+----------------------------------------------------+-----
Short Blades   | 1 2 3 4 6 8 9 10 | 10.0
Stealth        | 4 5 6 8 10 11 12 13 14 15 16 | 16.8
Dodging        | 2 3 5 6 7 8 |  8.9
Fighting       | 1 2 3 5 6 7 8 9 |  9.4
Spellcasting   | 3 5 6 7 8 9 10 12 | 12.5
Conjurations   | 5 6 7 9 10 11 12 | 12.9
Hexes          | 5 |  5.6
Fire Magic     | 1 4 5 7 9 10 | 10.8
Shields        | 1 3 4 5 6 7 |  7.1
Armour         | 1 2 3 4 |  4.3
Long Blades    | 1 |  1.4
Air Magic      | 2 4 |  4.0
Alchemy        | |  0.3
Invocations    | |  0.3

Action                     |  1- 3 |  4- 6 |  7- 9 | 10-12 | 13-15 | 16-18 || total
---------------------------+-------+-------+-------+-------+-------+-------++-------
  Melee: Dagger            |   143 |   195 |   299 |   562 |  1036 |   437 ||  2672
         Bite              |    29 |    41 |   113 |   234 |   361 |   133 ||   911
         Scimitar          |       |       |       |       |    14 |       ||    14
   Fire: Sling             |       |       |       |       |     6 |     9 ||    15
  Throw: Dart              |       |       |     4 |     7 |     6 |       ||    17
         Boomerang         |       |       |       |     8 |       |       ||     8
         Javelin           |       |       |       |       |     3 |       ||     3
   Cast: Confusing Touch   |       |     1 |     1 |     2 |     1 |       ||     5
         Tukima's Dance    |       |       |     5 |       |     2 |       ||     7
         Stone Arrow       |       |       |       |   109 |    42 |    22 ||   173
         Irradiate         |       |       |       |     1 |     6 |     5 ||    12
         Starburst         |       |       |       |       |   103 |    54 ||   157
         Iskenderun's Myst |       |       |       |       |    30 |    17 ||    47
         Plasma Beam       |       |       |       |       |     1 |    14 ||    15
         Olgreb's Toxic Ra |       |       |       |       |       |     4 ||     4
 Invoke: Ancestor Life: Ba |       |       |       |     1 |       |       ||     1
         Ancestor Identity |       |       |       |       |     1 |       ||     1
         Recall Ancestor   |       |       |       |       |     2 |     2 ||     4
         Idealise          |       |       |       |       |       |     1 ||     1
  Evoke: Wand              |       |       |     4 |     3 |       |     2 ||     9
         Phial of floods   |       |       |       |       |       |     1 ||     1
         Phantom mirror    |       |       |       |       |       |     1 ||     1
         Condenser vane    |       |       |       |       |       |     1 ||     1
         Lightning rod     |       |       |       |       |       |     2 ||     2
    Use: Scroll            |     1 |     6 |    10 |    12 |    17 |     3 ||    49
         Potion            |       |       |     4 |     6 |       |     6 ||    16
   Stab: Sleeping          |     6 |    13 |    11 |    24 |    21 |    18 ||    93
         Distracted        |     1 |     1 |     1 |     2 |    28 |     7 ||    40
         Confused          |       |     2 |       |     1 |       |       ||     3
         Invisible         |       |       |     4 |     5 |       |     1 ||    10
 Armour: Robe              |    63 |   105 |   176 |   196 |       |       ||   540
         Steam dragon scal |       |       |       |    60 |   422 |   248 ||   730
  Dodge: Dodged            |    74 |   105 |   228 |   267 |   463 |   232 ||  1369
         Repelled          |       |       |       |       |     8 |    34 ||    42
  Block: Buckler           |       |       |       |    59 |   331 |   144 ||   534

Table legend: (Time is in decaauts)
 A = Elapsed time spent in this place.
 B = Non-inter-level travel time spent in this place.
 C = Inter-level travel time spent in this place.
 D = Time resting spent in this place.
 E = Time spent auto-exploring this place.
 F = Levels seen in this place.
 G = Mean time per level.
                   A        B        C        D        E       F      G
               +--------+--------+--------+--------+--------+-----+--------+
         Total |  38095 |  34803 |   3292 |  10417 |  16171 |  31 | 1228.9 |
       Dungeon |  15674 |  13742 |   1932 |   1705 |   8532 |  15 | 1044.9 |
        Temple |     69 |     24 |     45 |      0 |      0 |   1 |   69.0 |
          Lair |  10469 |   9621 |    848 |   4426 |   3504 |   5 | 2093.8 |
        Shoals |   3506 |   3319 |    187 |   1585 |   1266 |   3 | 1168.7 |
  Orcish Mines |   4212 |   3933 |    279 |   1245 |   1701 |   2 | 2106.0 |
   Elven Halls |   1265 |   1265 |      0 |    348 |    507 |   2 |  632.5 |
        Bailey |   1224 |   1224 |      0 |    615 |    251 |   1 | 1224.0 |
      Ice Cave |    806 |    806 |      0 |    302 |     50 |   1 |  806.0 |
      Gauntlet |    866 |    866 |      0 |    191 |    359 |   1 |  866.0 |
               +--------+--------+--------+--------+--------+-----+--------+

Top non-repeatable levels by time:
  Lair:3: 4385 daAuts
  Lair:5: 2601 daAuts
   Orc:2: 2381 daAuts
Shoals:2: 2297 daAuts
     D:8: 1896 daAuts
   Orc:1: 1830 daAuts
  Lair:2: 1793 daAuts
     D:9: 1599 daAuts
    D:14: 1588 daAuts
     D:7: 1327 daAuts
  Bailey: 1224 daAuts
   Elf:1: 1167 daAuts
Shoals:1: 1107 daAuts
     D:5: 1099 daAuts
  Lair:1: 1087 daAuts
